 Dungeon Crawl Stone Soup version 0.31.0-32-g396128a36d (webtiles) character file.

Game seed: 5742040898818569610

616063 Consul the Skinwalker (level 27, -1/201 HPs)
             Began as an Octopode Shapeshifter on Mar 9, 2024.
             Was an Initiate of Gozag.
             Killed from afar by an orb of fire (17 damage)
             ... with a fireball
             ... on level 1 of the Realm of Zot.
             The game lasted 02:50:35 (74359 turns).

Consul the Skinwalker (Octopode Shapeshifter)      Turns: 74359, Time: 02:50:37

Health: -1/201     AC: 13    Str: 14    XL:     27
Magic:  0/32       EV: 42    Int: 30    God:    Gozag
Gold:   21392      SH: 20    Dex: 36    Spells: 13/38 levels left

rFire   + +          .
                       - Unarmed
rCold   + + +        n - +1 kite shield of the Trombone {rC+ rN+ Str-2 Dex+6}
rNeg    + + +        x - +2 hat of the Bear Spirit {Spirit, Bear, *Rage Will++}
rPois   ∞            e - macabre finger necklace {Finger+ rN+}
rElec   +            C - ring of the Original Sin {rC+ Int+6}
rCorr   +            W - +4 ring of protection
SInv    .            T - +4 ring of protection
Will    +++++        v - ring "Jicuvygy" {rF+ Int+3 Slay+4}
Stlth   +++++++      R - ring of resist corrosion
HPRegen 0.53/turn    t - ring "Eqoedi" {rF+ Will+ Dex+6}
MPRegen 0.23/turn    m - ring of Vanity {rC+ EV+5 Int+2 Stlth+}
                     S - ring of Ocaq {rElec Str+5 Dex+6}
                     l - ring of Imuasak {rN+ Will++ Str-3}

%: guardian spirit
@: death-form, gold aura
A: vile attack, torment immunity, no potions, almost no armour, amphibious, 8
rings, camouflage 1, gelatinous body 1, (nimble swimmer 1), tentacles,
iridescent scales 1, mutation resistance 1
}: 5/15 runes: decaying, slimy, silver, abyssal, gossamer
a: Siphon Essence, Begin Untransformation, Renounce Religion, Potion Petition,
Call Merchant, Bribe Branch


You were on level 1 of the Realm of Zot.
You worshipped Gozag.
Gozag was extremely pleased with you.
You were an undying horror.
You visited 11 branches of the dungeon, and saw 51 of its levels.
You visited the Abyss 1 time.
You visited 1 bazaar.
You also visited: Ossuary.

You collected 27897 gold pieces.
You spent 6453 gold pieces at shops.
You paid 52 gold pieces to Gozag.


Innate Abilities, Weirdness & Mutations

You are an undying horror.
Your melee and unarmed attacks drain, slow and weaken victims.
You are immune to unholy pain and torment.
You cannot drink.
You are immune to poison.
You cannot wear most types of armour.
You are amphibious.
You can wear up to eight rings at the same time.
Your skin changes colour to match your surroundings (Stealth+).
Your rubbery body absorbs attacks. (AC +1, EV +1)
((You are camouflaged when in or above water. (Stealth+)))
You have tentacles for arms and can constrict up to eight enemies at once.
You are partially covered in iridescent scales. (AC +2)
You are somewhat resistant to further mutation.


   Skills:
 - Level 20.0 Fighting
 - Level 18.0 Dodging
 - Level 9.0 Stealth
 - Level 17.0 Shields
 - Level 20.0 Unarmed Combat
 + Level 6.3 Spellcasting
 - Level 4.0 Summonings
 - Level 19.1 Translocations
 - Level 6.0 Evocations
 - Level 24.0 Shapeshifting


You had 13 spell levels left.
You knew the following spells:

 Your Spells              Type           Power      Damage    Failure   Level
f - Summon Forest         Summ/Tloc      34%        N/A       1%          5
i - Dispersal             Tloc           45%        N/A       1%          6
m - Manifold Assault      Tloc           90%        N/A       1%          4
u - Disjunction           Tloc           45%        N/A       22%         8
B - Blink                 Tloc           100%       N/A       0%          2

Your spell library contained the following spells:

 Spells                   Type           Power      Damage    Failure   Level
 Lesser Beckoning         Tloc           100%       N/A       0%          2
 Gell's Gravitas          Tloc           90%        N/A       0%          3
 Teleport Other           Tloc           90%        N/A       0%          3
 Summon Small Mammal      Summ           100%       N/A       1%          1
 Momentum Strike          Conj/Tloc      100%       3d10      1%          2
 Volatile Blastmotes      Fire/Tloc      100%       2d18      1%          3
 Dimensional Bullseye     Hex/Tloc       30%        N/A       1%          4
 Iskenderun's Mystic Bla  Conj/Tloc      61%        2d13      1%          4
 Passage of Golubria      Tloc           90%        N/A       1%          4
 Vhi's Electric Charge    Tloc/Air       100%       N/A       1%          4
 Call Imp                 Summ           66%        N/A       2%          2
 Call Canine Familiar     Summ           33%        N/A       4%          3
 Kiss of Death            Conj/Necr      36%        2d8       9%          1
 Magic Dart               Conj           36%        1d4       9%          1
 Sting                    Conj/Alch      36%        1d5       9%          1
 Summon Ice Beast         Ice/Summ       21%        N/A       11%         3
 Cigotuvi's Dreadful Rot  Necr/Alch/Air  18%        N/A       12%         2
 Ensorcelled Hibernation  Hex/Ice        18%        N/A       12%         2
 Mercury Vapours          Alch/Air       18%        N/A       12%         2
 Scorch                   Fire           18%        2d5       12%         2
 Searing Ray              Conj           18%        2d5       12%         2
 Static Discharge         Conj/Air       18%        3-4/arc   12%         2
 Sublimation of Blood     Necr           9%         N/A       12%         2
 Dazzling Flash           Conj/Hex       18%        N/A       24%         3
 Frozen Ramparts          Ice            18%        1d3       24%         3
 Hailstorm                Conj/Ice       9%         3d6       24%         3
 Inner Flame              Hex/Fire       9%         N/A       24%         3
 Mephitic Cloud           Conj/Alch/Air  9%         N/A       24%         3
 Ozocubu's Armour         Ice            9%         N/A       24%         3
 Passwall                 Erth           9%         N/A       24%         3
 Sigil of Binding         Hex            9%         N/A       24%         3
 Swiftness                Air            9%         N/A       24%         3
 Summon Blazeheart Golem  Fire/Summ      21%        N/A       34%         4
 Summon Lightning Spire   Summ/Air       21%        N/A       34%         4
 Airstrike                Air            4%         2d(1-17)  63%         4
 Flame Wave               Conj/Fire      9%         2d6       63%         4
 Fulminant Prism          Conj/Alch      4%         3d5       63%         4
 Ignite Poison            Fire/Alch      9%         N/A       63%         4
 Olgreb's Toxic Radiance  Alch           9%         N/A       63%         4
 Sticky Flame             Fire/Alch      9%         2d5       63%         4
 Summon Mana Viper        Hex/Summ       21%        N/A       69%         5
 Arcjolt                  Conj/Air       4%         1d14      92%         5
 Curse of Agony           Necr           9%         N/A       92%         5
 Fireball                 Conj/Fire      4%         3d4       92%         5
 Freezing Cloud           Conj/Ice/Air   4%         6-21      92%         5
 Iskenderun's Battlesphe  Conj           9%         2d6       92%         5
 Lee's Rapid Deconstruct  Erth           4%         3d5*      92%         5
 Metabolic Englaciation   Hex/Ice        4%         N/A       92%         5
 Silence                  Hex/Air        4%         N/A       92%         5
 Summon Cactus Giant      Summ           16%        N/A       94%         6
 Bombard                  Conj/Erth      4%         9d2       100%        6
 Eringya's Noxious Bog    Alch           4%         4d6       100%        6
 Plasma Beam              Fire/Air       4%         2x1d14    100%        6
 Sculpt Simulacrum        Ice/Alch       4%         N/A       100%        6
 Starburst                Conj/Fire      4%         6d4       100%        6
 Enfeeble                 Hex            4%         N/A       100%        7
 Haunt                    Necr/Summ      10%        N/A       100%        7
 Monstrous Menagerie      Summ           16%        N/A       100%        7
 Ozocubu's Refrigeration  Ice            4%         4d8       100%        7
 Spellforged Servitor     Conj/Summ      10%        N/A       100%        7
 Summon Hydra             Summ           16%        N/A       100%        7
 Borgnjor's Revivificati  Necr           4%         N/A       100%        8
 Discord                  Hex            4%         N/A       100%        8
 Infestation              Necr           4%         N/A       100%        8
 Maxwell's Capacitive Co  Air            4%         ∞         100%        8
 Polar Vortex             Ice            4%         N/A       100%        9
 Animate Armour           Summ/Erth      Unusable   N/A       N/A         4
 Animate Dead             Necr           Unusable   N/A       N/A         4

Inventory:

Missiles
 o - 4 throwing nets {=f}
 N - 10 curare-tipped darts {=f}
Armour
 n - the +1 kite shield of the Trombone (worn) {rC+ rN+ Str-2 Dex+6}
   (You acquired it on level 4 of the Vaults)

   Str-2:     It affects your strength (-2).
   Dex+6:     It affects your dexterity (+6).
   rC+:       It protects you from cold.
   rN+:       It protects you from negative energy.
 x - the +2 hat of the Bear Spirit (worn) {Spirit, Bear, *Rage Will++}
   (You acquired it on level 5 of the Pits of Slime)

   Bear:      Going berserk makes the wearer exceptionally tough, and they are
   slowed for a shorter time afterward.
   Will++:    It greatly increases your willpower.
   *Rage:     It berserks you when you make melee attacks (+20% chance).
 Q - a +2 hat of see invisible
Magical Staves
 F - the staff of Fedhas's Favour {rElec rC+ Int+2 Conj, !a}
   (You found it on level 5 of the Pits of Slime)

   [staff of conjuration]

   Base accuracy: +5 Base damage: 5 Base attack delay: 1.2 This weapon's minimum
   attack delay (0.6) is reached at skill level 12.
   Int+2:     It affects your intelligence (+2).
   rC+:       It protects you from cold.
   rElec:     It insulates you from electricity.
   Conj:      It increases the power of your Conjurations spells.
   It falls into the 'Staves' category.
   It is a one-tentacled weapon.
Jewellery
 e - the macabre finger necklace (around mantle) {Finger+ rN+}
   (You took it off a spriggan defender on level 3 of the Depths)

   [amulet of nothing]

   Finger+:   It enables you to equip an extra ring.
   rN+:       It protects you from negative energy.
 l - the ring of Imuasak (on amulet) {rN+ Will++ Str-3}
   (You found it on level 3 of the Crypt)

   [ring of positive energy]

   Str-3:     It affects your strength (-3).
   rN+:       It protects you from negative energy.
   Will++:    It greatly increases your willpower.
 m - the ring of Vanity (on tentacle) {rC+ EV+5 Int+2 Stlth+}
   (You bought it in a shop on level 1 of the Elven Halls)

   [ring of evasion]

   EV+5:      It affects your evasion (+5).
   Int+2:     It affects your intelligence (+2).
   rC+:       It protects you from cold.
   Stlth+:    It makes you more stealthy.
 t - the ring "Eqoedi" (on tentacle) {rF+ Will+ Dex+6}
   (You bought it in a shop on level 4 of the Depths)

   [ring of dexterity]

   Dex+6:     It affects your dexterity (+6).
   rF+:       It protects you from fire.
   Will+:     It increases your willpower.
 v - the ring "Jicuvygy" (on tentacle) {rF+ Int+3 Slay+4}
   (You bought it in a shop on level 1 of the Elven Halls)

   [ring of slaying]

   Int+3:     It affects your intelligence (+3).
   Slay+4:    It affects your accuracy & damage with ranged weapons and melee
   (+4).
   rF+:       It protects you from fire.
 C - the ring of the Original Sin (left tentacle) {rC+ Int+6}
   (You found it on level 4 of the Depths)

   [ring of intelligence]

   Int+6:     It affects your intelligence (+6).
   rC+:       It protects you from cold.
 D - the ring "Meoq" {rN+ Will+ Int+6}
   (You took it off a deep elf knight on level 3 of the Elven Halls)

   [ring of intelligence]

   Int+6:     It affects your intelligence (+6).
   rN+:       It protects you from negative energy.
   Will+:     It increases your willpower.
 R - a ring of resist corrosion (on tentacle)
 S - the ring of Ocaq (on tentacle) {rElec Str+5 Dex+6}
   (You took it off a fire giant on level 5 of the Vaults)

   [ring of dexterity]

   Str+5:     It affects your strength (+5).
   Dex+6:     It affects your dexterity (+6).
   rElec:     It insulates you from electricity.
 T - a +4 ring of protection (on tentacle)
 W - a +4 ring of protection (right tentacle)
Talismans
 q - a dragon-blood talisman
 u - a storm talisman
 P - a talisman of death (active)
 Y - a granite talisman
Wands
 y - a wand of light (9)
 A - a wand of mindburst (22)
 I - a wand of iceblast (80)
 K - a wand of digging (33)
 U - a wand of flame (81)
Scrolls
 c - 7 scrolls of fear
 d - 7 scrolls of immolation
 f - 6 scrolls of vulnerability
 j - 32 scrolls of teleportation {@r2}
 k - 4 scrolls of revelation
 w - 2 scrolls of torment
 B - 4 scrolls of fog
 H - 4 scrolls of butterflies
 J - a scroll of enchant weapon
 M - a scroll of enchant armour
 V - 5 scrolls of poison
Potions
 a - 7 potions of lignification
 b - 19 potions of curing {@q1}
 g - 11 potions of brilliance
 h - 4 potions of cancellation
 p - a potion of resistance
 r - 7 potions of mutation
 s - 11 potions of enlightenment
 z - 4 potions of haste {@q3}
 E - 3 potions of berserk rage {!q}
 G - 3 potions of heal wounds {@q2}
 L - 2 potions of invisibility
 O - 3 potions of magic
 X - 8 potions of ambrosia
Miscellaneous
 i - a sack of spiders
 Z - a phantom mirror (inert)

Dungeon Overview and Level Annotations

Branches:
Dungeon (15/15)            Temple (0/1) D:4            Lair (5/5) D:9
  Swamp (4/4) Lair:3       Spider (4/4) Lair:2        Slime (5/5) Lair:5
    Orc (2/2) D:10            Elf (3/3) Orc:2        Vaults (5/5) D:13
  Crypt (3/3) Vaults:3       Tomb (0/3) Crypt:3      Depths (4/4) D:15
    Zot (1/5) Depths:4    Ossuary (visited)

Altars:
Ashenzari
Elyvilon
Gozag
Makhleb
Nemelex Xobeh
Okawaru
Qazlal
Ru
Sif Muna
Trog
Uskayaw
Vehumet
Xom
Yredelemnul
Jiyva

Shops:
D:6 *   D:8 ?   D:10 =   Orc:2 :(*!   Elf:1 :==   Elf:3 *   Vaults:1 (
Vaults:3 ??[   Vaults:4 ?   Depths:3 (   Depths:4 =*

Portals:
Hell: Depths:1 Depths:2 Depths:3 Depths:4
Abyss: Depths:3
Pandemonium: Orc:2 Depths:1 Depths:2
Ziggurat: Depths:3
Trove: Depths:1 (give 4 potions of resistance)

Annotations:
D:2 1 runed translucent door, Crazy Yiuf
D:10 1 exclusion
Elf:2 5 runed translucent doors
Crypt:1 2 transporters
Depths:4 1 transporter

###...................
...##..#..##....^#...
................#..######
...............##........
...............$$..▒(...
############....$.......
## #...░$░$░.░. .##
#...#$..# ..## #...#z..#
>..## #....✱$D.░ ....##
#...##.###░ .....##
#..#.... ......# .(# ...
......# .... ........
#.... ######## #....


You could see an orb of fire and a friendly storm dragon (summoned, drained).


Message History

Your tentacle-slap misses the storm dragon.
The storm dragon is lightly wounded.
Your storm dragon bites the storm dragon.
Your storm dragon closely misses the storm dragon.
Your storm dragon tramples the storm dragon but does no damage.
The storm dragon completely misses you. You block the storm dragon's attack.
The storm dragon completely misses you.
You batter the storm dragon!!
The storm dragon decays.
The storm dragon is heavily wounded.
Your storm dragon closely misses the storm dragon.
Your storm dragon barely misses the storm dragon.
Your storm dragon tramples the storm dragon but does no damage.
The orb of fire glows deep purple.
The bolt of fire misses you. The storm dragon completely misses you.
The storm dragon misses you. You block the storm dragon's attack.
You tentacle-slap the storm dragon but do no damage.
You drain the storm dragon. Your squeeze misses the storm dragon.
The storm dragon is heavily wounded.
Your storm dragon bites the storm dragon!
Your storm dragon claws the storm dragon but does no damage.
Your storm dragon barely misses the storm dragon.
Unknown command.
You catch the helpless storm dragon completely off-guard!
You thrash the storm dragon!!!
The storm dragon decays.
You drain the storm dragon!!
You kill the storm dragon!
The orb of fire glows red.
The fireball explodes!
The fireball engulfs you!! You resist.
You die...
Your body crumbles into a pile of gold.

Skill      XL: |  1  2  3  4  5  6  7  8  9 10 11 12 13 14 15 16 17 18 19 20 21 22 23 24 25 26 27 |
---------------+----------------------------------------------------------------------------------+-----
Fighting       | 2 3 4 5 6 7 9 10 11 13 14 15 17 18 19 20 | 20.0
Unarmed Combat | 4 7 9 10 11 13 14 15 17 20 | 20.0
Shapeshifting  | 6 7 8 11 14 15 16 17 19 20 22 23 24 | 24.0
Dodging        | 4 7 9 10 16 17 18 | 18.0
Evocations     | 3 5 6 |  6.0
Stealth        | 2 4 8 9 |  9.0
Shields        | 7 8 11 14 15 16 17 | 17.0
Translocations | 3 7 12 15 16 18 19 | 19.1
Summonings     | 2 4 |  4.0
Spellcasting   | 2 3 4 6 |  6.3

Action                     |  1- 3 |  4- 6 |  7- 9 | 10-12 | 13-15 | 16-18 | 19-21 | 22-24 | 25-27 || total
---------------------------+-------+-------+-------+-------+-------+-------+-------+-------+-------++-------
  Melee: Unarmed           |    73 |    84 |   198 |   649 |   937 |  1159 |  1086 |  1233 |  1466 ||  6885
         Constrict         |    22 |    25 |    45 |    77 |   164 |   201 |   176 |   104 |   183 ||   997
         Tentacles         |    10 |    25 |    52 |   158 |    44 |   277 |   342 |   409 |   607 ||  1924
         Punch             |     1 |     4 |     1 |       |    24 |   149 |   186 |   231 |   302 ||   898
         Tailslap          |       |       |       |       |       |       |       |    45 |       ||    45
         Bite              |       |       |       |       |       |       |       |    25 |       ||    25
   Cast: Manifold Assault  |       |       |       |       |       |       |       |     9 |     4 ||    13
  Evoke: Wand              |       |       |       |     6 |     4 |       |       |     1 |       ||    11
         Phantom mirror    |       |       |       |       |       |       |       |       |     2 ||     2
    Use: Scroll            |       |     4 |     1 |    18 |     7 |     1 |     6 |    12 |    13 ||    62
         Potion            |       |     1 |     2 |     6 |       |     6 |     2 |    11 |     4 ||    32
   Stab: Sleeping          |    12 |     3 |     3 |     5 |    12 |    16 |    16 |    14 |    21 ||   102
         Distracted        |       |       |     1 |     7 |     7 |    16 |    16 |    25 |    24 ||    96
         Invisible         |       |       |       |       |       |       |       |     5 |       ||     5
 Armour: Skin              |    22 |    35 |    84 |   236 |   451 |   701 |   602 |   844 |   566 ||  3541
  Dodge: Dodged            |    40 |    48 |   141 |   614 |  1113 |  2191 |  1478 |  1829 |  1497 ||  8951
  Block: Buckler           |       |       |       |       |       |   250 |   741 |       |       ||   991
         Reflection        |       |       |       |       |       |       |    60 |    10 |       ||    70
         Kite shield       |       |       |       |       |       |       |    44 |  1427 |  1481 ||  2952
   Form: Flux              |       |       |     1 |       |       |       |       |       |       ||     1
         Serpent           |       |       |       |     1 |       |       |       |       |       ||     1
         Statue            |       |       |       |       |     1 |       |     1 |     2 |     2 ||     6
         Death             |       |       |       |       |       |       |     1 |       |     3 ||     4
         Dragon            |       |       |       |       |       |       |       |     2 |       ||     2

Levels and vault maps discovered:
D:1:      eino_arrival_druids_welcome, layout_loops_ring, serial_forest,
          infiniplex_forest_clump_curved, infiniplex_forest_clump_long,
          infiniplex_forest_zigzag_2, infiniplex_forest_end_2,
          infiniplex_forest_lined_2, infiniplex_forest_zigzag_2,
          infiniplex_forest_clump_medium, infiniplex_forest_corner_2
D:2:      layout_loops_ring, uniq_crazy_yiuf_cottage
D:3:      layout_rooms, trog_wizard, lemuel_doored_altar
D:4:      layout_cave_pools, minmay_temple_entry_arrows, enter_ossuary_2,
          uniq_natasha
D:5:      layout_loops_ring, lightli_temple_of_fire, minmay_small_thing
D:6:      layout_loops_ring, nicolae_ru_sacrificial_ziggurat,
          amcnicky_altar_gilded, ashenzari_altar_1, serial_shops,
          nicolae_shop_competitors_out_of_business, uniq_pikel
D:7:      layout_basic, chequers_temple_overflow_statue_of_worship,
          dreamdust_gnoll_farm, uniq_joseph
D:8:      layout_basic, serial_shops, shop, kennysheep_decorative_pillar,
          roadster_capsule_ark_zombie
D:9:      layout_cave_pods, mainiacjoe_overflow_alcove_4, david_lair_generic,
          st_stairs_1
D:10:     layout_roguey, okawaru_gym_becter, nicolae_sif_muna_condensation,
          serial_shops, nicolae_diamond_shop, serial_undead, serial_undead_e,
          serial_undead_f, serial_undead_c, serial_undead_c, uniq_josephine
D:11:     layout_loops_cross
D:12:     layout_basic, grunt_ministairs_7
D:13:     layout_loops_ring, hellmonk_vaults_attempted_burglary
D:14:     layout_basic, hangedman_abyss_or_decor_passed, minmay_diamond_spiral
D:15:     grunt_enter_depths_magical_seal, layout_irregular_city
Lair:1:   layout_loops_ring
Lair:2:   layout_regular_city, spider_nest_entry_rubble
Lair:3:   layout_regular_city, mainiacjoe_swamp_entry_lozenge_pond,
          serial_bayou_shore_b, grunt_megastairs_2
Lair:4:   layout_layer_cave, basic_altar, ldierk_geyser, uniq_kirke
Lair:5:   grunt_lair_end_beastmaster, layout_cave_pods, minmay_slime_entry_eyes,
          minmay_shattered_shrine
Swamp:1:  layout_basic_swamp, evilmike_swamp_ruin_house_5, swamp_pool_5,
          infiniplex_staircase_pool
Swamp:2:  cheibrodos_swamp_heart_of_darkness, layout_falls_marsh,
          evilmike_swamp_ruin_wall, uniq_louise
Swamp:3:  nzn_winding_woodlands_three_and_one
          [nzn_winding_woodlands_5x15_pathside_ponds,
          nzn_winding_woodlands_5x15_pool, nzn_winding_woodlands_5x15_twine,
          nzn_winding_woodlands_center_diamonds], layout_basic_swamp,
          nicolae_swamp_feature_on_the_river_bank, nicolae_swamp_tree_isthmus,
          nicolae_swamp_long_stream, uniq_mlioglotl
Swamp:4:  swamp_pestilence, layout_basic_swamp, swamp_pool_1_2,
          nicolae_swamp_little_swirl
Spider:1: spiders_nest_scorpion_pit, hangedman_spider_tarantella_strand
Spider:2: layout_spider_delve, uniq_aizul
Spider:3: cheibrodos_forgotten_conduit
Spider:4: grunt_spider_rune_parallel
Slime:1:  layout_caves, cheibrodos_slime_lost_civilization_5
Slime:2:  nicolae_slime_pool, layout_caves
Slime:3:  layout_caves
Slime:4:  layout_caves, nicolae_slime_getting_an_eyeful
Slime:5:  slime_pit_nicolae_royal_road_to_ruin
Orc:1:    layout_caves, basic_altar, uniq_fannar
Orc:2:    pf_orc_diabolical, layout_caves, basic_altar, uniq_donald,
          uniq_jorgrun, uniq_azrael
Elf:1:    minmay_elf_arrival_summoners, layout_gridlike, minmay_elf_sorcery,
          minmay_shop_grove, grunt_megastairs_3, lemuel_upstairs_altar
Elf:2:    elven_hall_of_blades_hangedman_alternative
          [nicolae_blade_entry_floor_patterns], layout_gridlike, serial_sigils,
          serial_sigils_hangedman_gut, serial_sigils_hangedman_snap,
          serial_sigils_hangedman_quiver, serial_sigils_hangedman_scar,
          amcnicky_mini_corridor_feature
Elf:3:    minmay_elf_hall_statues, layout_loops_cross, serial_shops,
          nicolae_shop_behind_doors, lemuel_flamethrower_3, uniq_zenata
Vaults:1: portal_desolation_entry_twin_temple, hangedman_vaults_corner,
          nicolae_vaults_border_crossing, ontoclasm_vaults_decontamination,
          nicolae_vaults_taking_the_gang_shopping, hangedman_vaults_trim,
          ontoclasm_vaults_eye, ontoclasm_vaults_ring_square,
          nicolae_vaults_little_squares_3, nicolae_vaults_closet_pinwheel_5,
          nicolae_vaults_house_1, layout_vaults_omnigrid, serial_shops,
          freezing_bzr
Vaults:2: hangedman_vaults_nails, nicolae_vaults_little_squares_3,
          nicolae_vaults_cochlea, vaults_mumra_lcd, hangedman_vaults_stream,
          nicolae_vaults_trapezoid_4, v_misc_17, nicolae_vaults_statue_guard,
          vaults_room_fours, ontoclasm_vaults_shuriken, vaults_dpeg_ring,
          nicolae_vaults_cornered_office, nicolae_vaults_two_Ls,
          layout_vaults_omnibox
Vaults:3: minmay_crypt_entry_simple_box, nicolae_vaults_tetromino_Z_1,
          hangedman_vaults_capsules, grunt_vaults_funnel,
          hangedman_vaults_hard_town_square, nicolae_vaults_angled_halls,
          nicolae_vaults_theta, nicolae_vaults_little_squares_3,
          nicolae_vaults_lightning_bolt, hangedman_vaults_corner_blocks,
          nicolae_vaults_more_shelving_1, layout_vaults_maze
Vaults:4: nicolae_vaults_stepped_doors, vaults_room_pool,
          nicolae_vaults_network_quincunx
          [nicolae_vaults_network_quincunx_subvault,
          nicolae_vaults_network_quincunx_subvault,
          nicolae_vaults_network_quincunx_subvault,
          nicolae_vaults_network_quincunx_subvault,
          nicolae_vaults_network_quincunx_subvault], nicolae_vaults_mush_room,
          hangedman_vaults_cutoff, nicolae_vaults_storage_closets_1,
          nicolae_vaults_ninety_degrees, nicolae_vaults_trapezoid_3,
          vaults_room_semicircle, dpeg_vaults_monster_box,
          nicolae_vaults_double_plus_1, nicolae_vaults_variable_pillar_hall,
          nicolae_vaults_diamond_1, ontoclasm_vaults_loading_screen,
          layout_vaults_omnicross, serial_shops, shop
Vaults:5
Crypt:1:  gammafunk_its_a_trap, layout_misc_corridors, uniq_xtahua, uniq_margery
Crypt:2:  layout_catacombs, grunt_ministairs_4, roderic_lattice_octagonal_star
Crypt:3:  cryptofortress_bobbens, uniq_khufu, uniq_grunn, uniq_jory
Depths:1: layout_gridlike, serial_sigils_hangedman_gut, rand_demon_pan_entry_9,
          nicolae_trove_entry_columns, gammafunk_ghost_grave, hell_entry,
          chequers_serial_rivers_micro_a, nicolae_kite_square_tiling_tiny,
          hangedman_decor_growths, minmay_misc_feat_chi, hangedman_decor_push
Depths:2: minmay_nested_s, layout_basic, hell_entry, pan_entry
Depths:3: minmay_complete_graph, layout_gridlike, enter_ziggurat_d,
          serial_shops, nicolae_shop_peninsula, nicolae_elyvilon_peaceful_grove,
          abyss_entry_small_statue_room, hell_entry, trog_three_pillars_becter
Depths:4: hangedman_spin_cycle, serial_shops, hell_entry, uniq_mennas,
          uniq_enchantress, uniq_vv
Zot:1:    ebering_klown_carousel, layout_misc_corridors, hangedman_zot_gyre,
          zot_minivault_5

Notes
Turn   | Place    | Note
-------+----------+-------------------------------------------
     0 | D:1      | Consul the Octopode Shapeshifter began the quest for the
                  | Orb.
     0 | D:1      | Reached XP level 1. HP: 13/13 MP: 1/1
    47 | D:1      | Reached skill level 2 in Fighting
    47 | D:1      | Reached XP level 2. HP: 19/19 MP: 2/2
   128 | D:1      | You fall into a shaft and drop 1 floor!
   631 | D:1      | Reached XP level 3. HP: 25/25 MP: 3/3
   783 | D:1      | Reached skill level 3 in Fighting
  1602 | D:2      | Found a runed translucent door.
  1603 | D:2      | Noticed Crazy Yiuf
  1813 | D:3      | Found a bloodstained altar of Trog.
  1826 | D:3      | Reached XP level 4. HP: 33/33 MP: 4/4
  2196 | D:2      | Reached skill level 4 in Fighting
  2435 | D:3      | Noticed a wizard
  2438 | D:3      | Killed a wizard
  2467 | D:3      | Found an opulent altar of Gozag.
  2566 | D:3      | Became a worshipper of Gozag Ym Sagoz the Greedy
  2594 | D:4      | Noticed a black bear
  2637 | D:4      | Found a sand-covered staircase.
  2642 | Ossuary  | Entered an ossuary
  2812 | Ossuary  | Reached XP level 5. HP: 36/37 MP: 5/5
  2846 | Ossuary  | Noticed a laughing skull
  2857 | Ossuary  | Noticed a laughing skull
  2859 | Ossuary  | Noticed a laughing skull
  2877 | Ossuary  | Reached skill level 5 in Fighting
  2877 | Ossuary  | Reached skill level 4 in Unarmed Combat
  2881 | Ossuary  | HP: 3/39 [wight/+0 spear (11)]
  2882 | Ossuary  | Reached XP level 6. HP: 4/45 MP: 6/6
  3058 | Ossuary  | Noticed a laughing skull
  3271 | D:4      | Reached skill level 6 in Fighting
  3342 | D:4      | Identified the +6 ring mail "Xiung" {rF+ Will+}
  3363 | D:4      | Noticed Natasha
  3368 | D:4      | Killed Natasha
  3451 | D:4      | Noticed Natasha
  3457 | D:4      | Killed Natasha
  3625 | D:4      | Noticed Natasha
  3632 | D:4      | Killed Natasha
  3633 | D:4      | Reached XP level 7. HP: 45/52 MP: 7/7
  3711 | D:4      | Found a staircase to the Ecumenical Temple.
  3877 | D:3      | Reached skill level 4 in Shapeshifting
  4207 | D:4      | Found a staircase to the Ecumenical Temple.
  4555 | D:5      | Entered Level 5 of the Dungeon
  4562 | D:5      | Reached skill level 5 in Shapeshifting
  4790 | D:5      | Found a burning altar of Makhleb.
  5228 | D:5      | Reached skill level 6 in Shapeshifting
  5228 | D:5      | Reached XP level 8. HP: 52/57 MP: 8/8
  5335 | D:5      | Noticed a gargoyle
  6215 | D:5      | Reached skill level 7 in Shapeshifting
  6279 | D:6      | Found a broken altar of Ashenzari.
  6343 | D:6      | Found Urghiff's General Store.
  6349 | D:6      | Bought a scroll of blinking for 90 gold pieces
  6497 | D:6      | Found a sacrificial altar of Ru.
  6506 | D:6      | Noticed Pikel
  6523 | D:6      | Killed Pikel
  6524 | D:6      | Reached skill level 4 in Dodging
  6524 | D:6      | Reached XP level 9. HP: 56/63 MP: 9/9
  6638 | D:6      | Found a shimmering altar of Xom.
  6699 | D:6      | Reached skill level 5 in Unarmed Combat
  7122 | D:5      | HP: 3/63 [gargoyle/stone arrow (28)]
  7126 | D:5      | Killed a gargoyle
  7127 | D:5      | Reached skill level 7 in Fighting
  7127 | D:5      | Reached skill level 5 in Dodging
  7354 | D:7      | Found a stormy altar of Qazlal.
  7354 | D:7      | Found a hide-covered altar of Uskayaw.
  7488 | D:7      | Noticed Joseph
  7520 | D:7      | Reached skill level 6 in Dodging
  7960 | D:7      | Reached skill level 6 in Unarmed Combat
  8120 | D:7      | Reached skill level 7 in Dodging
  8623 | D:7      | Killed Joseph
  8624 | D:7      | Reached skill level 2 in Evocations
  8800 | D:8      | Reached skill level 7 in Unarmed Combat
  8800 | D:8      | Reached skill level 3 in Evocations
  8800 | D:8      | Reached XP level 10. HP: 65/71 MP: 10/10
  8848 | D:8      | Found a basalt altar of Yredelemnul.
  8866 | D:8      | Reached skill level 4 in Evocations
  9249 | D:8      | Identified the +0 robe "Daremibo" {rElec Regen+ Str-3
                  | Stlth+}
  9397 | D:8      | Reached skill level 5 in Evocations
  9685 | D:8      | Found Ducka's Magic Scroll Shop.
  9695 | D:8      | Bought a scroll of acquirement for 676 gold pieces
  9695 | D:8      | Acquired a manual of Shapeshifting
 10493 | D:9      | Reached skill level 1 in Stealth
 10900 | D:9      | Reached skill level 2 in Stealth
 11071 | D:9      | Found a staircase to the Lair.
 11071 | D:9      | Noticed an elephant
 11105 | D:9      | Reached skill level 8 in Shapeshifting
 11110 | D:9      | Reached XP level 11. HP: 66/77 MP: 11/11
 11121 | D:9      | Reached skill level 8 in Dodging
 11121 | D:9      | Reached skill level 8 in Unarmed Combat
 11212 | D:9      | Reached skill level 8 in Fighting
 11212 | D:9      | Reached skill level 3 in Stealth
 11588 | D:9      | Found a radiant altar of Vehumet.
 11936 | D:10     | Entered Level 10 of the Dungeon
 11988 | D:10     | Found a shimmering blue altar of Sif Muna.
 12158 | D:10     | Reached skill level 6 in Evocations
 12312 | D:10     | Noticed Josephine
 12323 | D:10     | Found Utihuus's Jewellery Shoppe.
 12332 | D:10     | Bought a +5 ring of evasion for 396 gold pieces
 12338 | D:10     | Found a staircase to the Orcish Mines.
 12399 | D:10     | Reached skill level 4 in Stealth
 12727 | D:10     | Reached skill level 9 in Shapeshifting
 12940 | D:10     | Found an iron altar of Okawaru.
 13122 | D:10     | Reached skill level 9 in Dodging
 13184 | D:10     | Killed Josephine
 13185 | D:10     | Reached skill level 9 in Fighting
 13185 | D:10     | Reached skill level 9 in Unarmed Combat
 13185 | D:10     | Reached skill level 10 in Shapeshifting
 13432 | D:11     | Noticed a two-headed ogre
 13441 | D:11     | Killed a two-headed ogre
 13442 | D:11     | Reached skill level 11 in Shapeshifting
 13442 | D:11     | Reached XP level 12. HP: 85/85 MP: 12/12
 13532 | D:11     | Reached skill level 12 in Shapeshifting
 13892 | D:11     | Reached skill level 13 in Shapeshifting
 14291 | Lair:1   | Entered Level 1 of the Lair of Beasts
 15601 | Lair:2   | Reached skill level 10 in Fighting
 15604 | Lair:2   | Reached skill level 10 in Unarmed Combat
 15714 | Lair:2   | Reached skill level 14 in Shapeshifting
 15751 | Lair:2   | Noticed a seven-headed hydra
 15760 | Lair:2   | Noticed a six-headed hydra
 15769 | Lair:2   | Killed a seven-headed hydra
 15770 | Lair:2   | Reached XP level 13. HP: 57/93 MP: 6/13
 15934 | Lair:2   | Found a hole to the Spider Nest.
 16862 | Lair:3   | Found a staircase to the Swamp.
 16866 | Lair:3   | Reached skill level 11 in Fighting
 16894 | Lair:3   | Reached skill level 11 in Unarmed Combat
 17897 | Lair:4   | Noticed Kirke
 17911 | Lair:4   | Killed Kirke
 18298 | Lair:4   | Found a sparkling altar of Nemelex Xobeh.
 19091 | Lair:5   | Entered Level 5 of the Lair of Beasts
 19438 | Lair:5   | Reached XP level 14. HP: 46/102 MP: 6/14
 19695 | Lair:5   | Found a staircase to the Slime Pits.
 19698 | Lair:5   | Found a viscous altar of Jiyva.
 19728 | Lair:5   | Reached skill level 15 in Shapeshifting
 19929 | Lair:5   | Reached skill level 10 in Dodging
 19933 | Lair:5   | Reached skill level 12 in Fighting
 19954 | Lair:5   | Reached skill level 12 in Unarmed Combat
 21268 | Lair:5   | Noticed a dire elephant
 21285 | Lair:5   | Killed a dire elephant
 21522 | Lair:5   | Reached skill level 13 in Fighting
 22074 | D:12     | Reached skill level 13 in Unarmed Combat
 22536 | D:12     | Reached XP level 15. HP: 110/110 MP: 12/15
 22551 | D:12     | Reached skill level 11 in Dodging
 22553 | D:12     | Reached skill level 16 in Shapeshifting
 23050 | D:13     | Reached skill level 12 in Dodging
 23482 | D:13     | Found a gate to the Vaults.
 23850 | D:14     | Reached skill level 13 in Dodging
 24220 | D:14     | Identified the +9 trident of Greatest Utility {heavy, MP+9}
 24242 | D:14     | Reached skill level 14 in Dodging
 24429 | D:14     | Noticed a sphinx
 24442 | D:14     | Killed a sphinx
 24850 | D:15     | Entered Level 15 of the Dungeon
 25011 | D:15     | Reached skill level 15 in Dodging
 25470 | D:15     | Reached skill level 16 in Dodging
 25779 | D:15     | Found a staircase to the Depths.
 26120 | Orc:1    | Entered Level 1 of the Orcish Mines
 26148 | Orc:1    | Noticed Fannar
 26161 | Orc:1    | Killed Fannar
 26610 | Orc:2    | Entered Level 2 of the Orcish Mines
 26705 | Orc:2    | Noticed Jorgrun
 26713 | Orc:2    | Noticed Azrael
 26718 | Orc:2    | Killed Jorgrun
 26725 | Orc:2    | Reached XP level 16. HP: 109/117 MP: 10/16
 26729 | Orc:2    | Killed Azrael
 26962 | Orc:2    | Found Biatunt's Distillery.
 26967 | Orc:2    | Found Dudghyost's General Store.
 26978 | Orc:2    | Noticed Donald
 26987 | Orc:2    | Killed Donald
 27113 | Orc:2    | Bought a potion of might for 44 gold pieces
 27113 | Orc:2    | Bought a potion of haste for 110 gold pieces
 27345 | Orc:2    | Found a staircase to the Elven Halls.
 27389 | Orc:2    | Found a radiant altar of Vehumet.
 27554 | Orc:2    | Gained mutation: You are weak. (Str -2) [a neqoxec]
 27559 | Orc:2    | Reached skill level 17 in Dodging
 27892 | Orc:2    | Reached skill level 14 in Unarmed Combat
 27895 | Orc:2    | Found Ymnin's Book Boutique.
 27895 | Orc:2    | Found Ticve's Antique Weapon Shop.
 27896 | Orc:2    | Found a one-way gate leading to the halls of Pandemonium.
 27983 | D:10     | Bought a ring of willpower for 275 gold pieces
 28133 | Swamp:1  | Entered Level 1 of the Swamp
 28157 | Swamp:1  | Reached skill level 14 in Fighting
 29151 | Swamp:1  | Reached skill level 17 in Shapeshifting
 29795 | Swamp:2  | Noticed Louise
 29804 | Swamp:2  | Reached XP level 17. HP: 52/126 MP: 7/17
 29809 | Swamp:2  | Killed Louise
 30437 | Swamp:2  | Reached skill level 15 in Fighting
 30437 | Swamp:2  | Reached skill level 15 in Unarmed Combat
 30440 | Swamp:2  | Identified the staff of the Baking Wolf {rF+ rC++ rCorr
                  | Int-4 Fire Ice}
 30607 | Swamp:3  | Identified the amulet "Puchilog" {Faith rF+ Int+3}
 30698 | Swamp:3  | Noticed a tentacled monstrosity
 31050 | Swamp:2  | Killed a tentacled monstrosity
 31350 | Swamp:3  | Reached skill level 18 in Shapeshifting
 31412 | Swamp:3  | Identified the +7 rapier of the Big Bang {spect, rF+ Dex+3}
 31415 | Swamp:3  | Noticed Mlioglotl
 31415 | Swamp:3  | Noticed a tentacled monstrosity
 31427 | Swamp:3  | Killed a tentacled monstrosity
 31433 | Swamp:3  | Noticed a lich
 31433 | Swamp:3  | Killed Mlioglotl
 31571 | Swamp:3  | Identified the +0 falchion "Ecetoxeh" {flame, rF++}
 32006 | Swamp:4  | Entered Level 4 of the Swamp
 32762 | Swamp:4  | Reached skill level 19 in Shapeshifting
 32794 | Swamp:4  | Noticed a bone dragon
 32822 | Swamp:4  | Killed a bone dragon
 32992 | Swamp:4  | Got a decaying rune of Zot
 33256 | Spider:1 | Entered Level 1 of the Spider Nest
 33311 | Lair:2   | Reached XP level 18. HP: 92/134 MP: 18/18
 33903 | Spider:1 | Reached skill level 20 in Shapeshifting
 34554 | Spider:1 | Reached skill level 1 in Shields
 34586 | Spider:1 | Reached skill level 2 in Shields
 34676 | Spider:1 | Reached skill level 3 in Shields
 34936 | Spider:2 | Reached skill level 4 in Shields
 35274 | Spider:2 | Reached skill level 5 in Shields
 35652 | Spider:2 | Identified the serpent talisman "Nisuqy" {rC+ rCorr Dex-2}
 35652 | Spider:2 | Noticed Aizul
 35664 | Spider:2 | Killed Aizul
 35891 | Spider:3 | Reached skill level 6 in Shields
 36489 | Spider:3 | Found the crystal ball of Wucad Mu {*channel}
 36887 | Spider:4 | Entered Level 4 of the Spider Nest
 36899 | Spider:4 | Reached skill level 7 in Shields
 37037 | Spider:4 | Reached XP level 19. HP: 141/141 MP: 19/19
 37421 | Spider:4 | Reached skill level 16 in Fighting
 37426 | Spider:4 | Reached skill level 16 in Unarmed Combat
 37591 | Spider:4 | Reached skill level 8 in Shields
 37982 | Spider:4 | Got a gossamer rune of Zot
 38424 | Elf:1    | Entered Level 1 of the Elven Halls
 38746 | Elf:1    | Found Kacw's Book Shop.
 38746 | Elf:1    | Found Edybem's Jewellery Emporium.
 38748 | Elf:1    | Found Nympazu's Jewellery Emporium.
 38758 | Elf:1    | Bought the ring "Jicuvygy" {rF+ Int+3 Slay+4} for 1474 gold
                  | pieces
 38758 | Elf:1    | Bought a +4 ring of protection for 540 gold pieces
 38758 | Elf:1    | Bought the ring of Vanity {rC+ EV+5 Int+2 Stlth+} for 855
                  | gold pieces
 38781 | Elf:1    | Learned a level 2 spell: Blink
 38875 | Elf:1    | Reached skill level 1 in Translocations
 38900 | Elf:1    | Reached skill level 2 in Translocations
 38927 | Elf:1    | Reached skill level 3 in Translocations
 38990 | Elf:1    | Got the Commentary on Confrontation
 39021 | Elf:1    | Reached skill level 17 in Fighting
 39033 | Elf:1    | Reached skill level 17 in Unarmed Combat
 39597 | Elf:2    | Paralysed by an air elemental for 1 turns
 39939 | Elf:2    | Reached XP level 20. HP: 134/151 MP: 20/20
 40389 | Elf:2    | Found a huge runed translucent gate.
 40389 | Elf:2    | Found a huge runed translucent gate.
 40389 | Elf:2    | Found a huge runed translucent gate.
 40389 | Elf:2    | Found a huge runed translucent gate.
 40390 | Elf:2    | Found a huge runed translucent gate.
 40424 | Elf:3    | Entered Level 3 of the Elven Halls
 40475 | Elf:3    | Reached skill level 21 in Shapeshifting
 40484 | Elf:3    | Reached skill level 4 in Translocations
 40487 | Elf:3    | Paralysed by an air elemental for 1 turns
 40502 | Elf:3    | Reached skill level 5 in Translocations
 40519 | Elf:3    | Noticed a Brimstone Fiend
 40845 | Elf:3    | Noticed Zenata
 40862 | Elf:3    | Killed Zenata
 41169 | Elf:3    | Identified the +5 glaive "Kaud" {flame, rC+}
 41169 | Elf:3    | Identified the +0 robe of the Fletcher {^Drain rPois rC+}
 41169 | Elf:3    | Identified the ring "Meoq" {rN+ Will+ Int+6}
 41254 | Elf:3    | Identified the +7 long sword of Conscience {heavy, Str+2}
 41254 | Elf:3    | Identified the +0 buckler of the Falcon {rF+ rN++ Str+3
                  | Int-2}
 41411 | Elf:3    | Found the +8 longbow "Zephyr" {speed, Dex+3 SInv}
 41429 | Elf:3    | Got The Lost Testament of the Archmage
 41430 | Elf:3    | Identified the +4 rapier of Slow Death {pain, Will+}
 41432 | Elf:3    | Identified the +8 arbalest of the Red God {drain, MP+9}
 41452 | Elf:3    | Identified the +0 quarterstaff of Xyidd {freeze, rPois
                  | Str+2 Int+5 SInv}
 41737 | Elf:3    | Found Hysih's Assorted Antiques.
 42484 | Vaults:1 | Entered Level 1 of the Vaults
 42519 | Vaults:1 | Found Esaimivi's Weapon Shop.
 42568 | Vaults:1 | Found a flickering gateway to a bazaar.
 42577 | Bazaar   | Entered a bazaar
 42590 | Bazaar   | Found Xaqueb's Armour Boutique.
 42713 | Bazaar   | Found Gayrrema's Jewellery Boutique.
 42713 | Bazaar   | Found Ofak's Book Boutique.
 42714 | Bazaar   | Found Ecopaho's Weapon Boutique.
 42719 | Bazaar   | Bought 5 curare-tipped darts for 66 gold pieces
 42724 | Bazaar   | Bought a +4 ring of protection for 288 gold pieces
 43160 | Elf:3    | Learned a level 4 spell: Manifold Assault
 43553 | Vaults:1 | Reached skill level 22 in Shapeshifting
 43816 | Vaults:1 | Reached skill level 6 in Translocations
 44621 | Vaults:1 | Identified a potion of resistance
 45030 | Vaults:2 | Reached skill level 7 in Translocations
 45231 | Vaults:2 | Reached XP level 21. HP: 156/156 MP: 21/21
 45597 | Vaults:2 | Reached skill level 8 in Translocations
 46161 | Vaults:3 | Found a staircase to the Crypt.
 46219 | Vaults:3 | Reached skill level 9 in Translocations
 46294 | Vaults:3 | Found Huwer's Armour Boutique.
 46294 | Vaults:3 | Found Tun Hee's Magic Scroll Boutique.
 46378 | Vaults:3 | Bought a scroll of teleportation for 42 gold pieces
 46378 | Vaults:3 | Bought a scroll of teleportation for 42 gold pieces
 46388 | Vaults:3 | Found Juicviw's Magic Scroll Boutique.
 46396 | Vaults:3 | Bought a scroll of teleportation for 69 gold pieces
 46396 | Vaults:3 | Bought a scroll of blinking for 172 gold pieces
 46396 | Vaults:3 | Bought a scroll of teleportation for 69 gold pieces
 47003 | Vaults:4 | Found Gughesaw's Magic Scroll Emporium.
 47014 | Vaults:4 | Bought a scroll of revelation for 150 gold pieces
 47014 | Vaults:4 | Bought a scroll of revelation for 150 gold pieces
 47160 | Vaults:4 | Reached skill level 23 in Shapeshifting
 47170 | Vaults:4 | Reached skill level 10 in Translocations
 47224 | Vaults:4 | Reached skill level 11 in Translocations
 47618 | Vaults:4 | Identified the +8 arbalest of Past Mistakes {heavy, rN+
                  | Int+4}
 48022 | Vaults:4 | Reached skill level 12 in Translocations
 48623 | Vaults:4 | Acquired the +1 kite shield of the Trombone {rC+ rN+ Str-2
                  | Dex+6}
 48843 | Vaults:5 | Entered Level 5 of the Vaults
 49173 | Depths:1 | Entered Level 1 of the Depths
 49328 | Depths:1 | Reached XP level 22. HP: 162/162 MP: 22/22
 49336 | Depths:1 | Found a runed translucent door.
 49341 | Depths:1 | Noticed DiddlyDoom's ghost (journeyman MiBe)
 49401 | Depths:1 | You fall into a shaft and drop 1 floor!
 49666 | Depths:1 | Identified the +6 scale mail of Duck's Teeth {rPois Regen+
                  | Int-3 Dex+2}
 49716 | Depths:1 | Found a gateway to Hell.
 49887 | Depths:1 | Found a portal to a secret trove of treasure.
 49975 | Depths:1 | Reached skill level 13 in Translocations
 50372 | Depths:1 | Killed DiddlyDoom's ghost
 50373 | Depths:1 | Reached skill level 9 in Shields
 50836 | Depths:2 | Reached skill level 10 in Shields
 50949 | Depths:2 | Reached skill level 14 in Translocations
 51253 | Depths:2 | Reached skill level 11 in Shields
 51265 | Depths:2 | HP: 19/210 [shadow dragon (12)]
 52222 | Depths:2 | Learned a level 6 spell: Dispersal
 52228 | Depths:2 | Learned a level 5 spell: Summon Forest
 52253 | Depths:3 | Found a bloodstained altar of Trog.
 52283 | Depths:3 | Reached skill level 1 in Summonings
 52287 | Depths:3 | Reached skill level 1 in Spellcasting
 52317 | Depths:3 | Found a one-way gateway to a ziggurat.
 52360 | Depths:3 | Reached skill level 2 in Summonings
 52404 | Depths:3 | Reached skill level 2 in Spellcasting
 52406 | Depths:3 | Reached skill level 15 in Translocations
 52550 | Depths:3 | Noticed a caustic shrike
 52557 | Depths:3 | Noticed a caustic shrike
 52557 | Depths:3 | Noticed a caustic shrike
 52558 | Depths:3 | Noticed a caustic shrike
 52565 | Depths:3 | Killed a caustic shrike
 52571 | Depths:3 | Killed a caustic shrike
 52573 | Depths:3 | Noticed a juggernaut
 52574 | Depths:3 | Killed a caustic shrike
 52575 | Depths:3 | Reached XP level 23. HP: 168/168 MP: 25/27
 52596 | Depths:3 | Reached skill level 3 in Summonings
 52808 | Depths:3 | Reached skill level 12 in Shields
 52859 | Depths:3 | Reached skill level 3 in Spellcasting
 52895 | Depths:3 | Reached skill level 4 in Summonings
 53275 | Depths:2 | Reached skill level 13 in Shields
 53498 | Depths:3 | Identified the +2 long sword of Excruciating Pain {spect,
                  | rN+++ SInv Stlth+}
 53500 | Depths:3 | Identified the +4 chain mail "Pedaarph" {Will- Dex+4}
 53960 | Depths:3 | Reached skill level 14 in Shields
 53971 | Depths:3 | Found Mameip's Antique Weapon Emporium.
 55241 | Depths:3 | Killed a juggernaut
 55393 | Depths:3 | Killed a caustic shrike
 55460 | Depths:3 | Found a white marble altar of Elyvilon.
 55592 | Depths:3 | Found a one-way gate to the infinite horrors of the Abyss.
 55728 | Depths:4 | Entered Level 4 of the Depths
 55728 | Depths:4 | Noticed Mennas
 55770 | Depths:4 | Killed Mennas
 56200 | Depths:4 | Identified the ring of Ephemeral Luck {+Blink rPois rC+ rN+
                  | Str+2}
 56419 | Depths:4 | Noticed a juggernaut
 56425 | Depths:4 | Killed a juggernaut
 56614 | Depths:4 | Identified the ring "Ipnoj" {rF++ rC- Int+6}
 56706 | Depths:4 | Noticed the Enchantress
 56714 | Depths:4 | Noticed a golden dragon
 56719 | Depths:4 | Killed the Enchantress
 56749 | Depths:4 | HP: 23/255 [spriggan air mage[the Enchantress] (9)]
 57138 | Depths:3 | Killed a golden dragon
 57323 | Depths:4 | Reached skill level 16 in Translocations
 57468 | Depths:4 | Noticed Vv
 57469 | Depths:4 | Found Uriug's Assorted Antiques.
 57484 | Depths:4 | HP: 22/256 [Vv (7)]
 57484 | Depths:4 | HP: 5/256 [Vv (17)]
 57485 | Depths:4 | Killed Vv
 57486 | Depths:4 | Reached skill level 18 in Fighting
 58115 | Depths:4 | Found Hapraq's Jewellery Boutique.
 58123 | Depths:4 | Reached XP level 24. HP: 178/178 MP: 27/27
 58132 | Depths:4 | Bought the ring "Eqoedi" {rF+ Will+ Dex+6} for 945 gold
                  | pieces
 58155 | Depths:4 | Found a transporter.
 58190 | Depths:4 | Noticed a caustic shrike
 58206 | Depths:4 | Killed a caustic shrike
 58430 | Depths:4 | Found a gate to the Realm of Zot.
 58481 | Depths:4 | Noticed a caustic shrike
 58485 | Depths:4 | Killed a caustic shrike
 58553 | Depths:4 | Identified the ring of the Original Sin {rC+ Int+6}
 58567 | Depths:4 | Learned a level 8 spell: Disjunction
 58620 | Depths:4 | Reached skill level 17 in Translocations
 58987 | Vaults:5 | Reached skill level 19 in Fighting
 59177 | Vaults:5 | Noticed an ancient lich
 59179 | Vaults:4 | Gained mutation: Your health recovers twice as slowly from
                  | being drained. [a shining eye]
 59366 | Vaults:5 | Noticed a dread lich
 59369 | Vaults:5 | Killed an ancient lich
 59388 | Vaults:5 | Killed a dread lich
 59389 | Vaults:5 | Reached skill level 15 in Shields
 59640 | Vaults:5 | Reached skill level 18 in Translocations
 59930 | Vaults:5 | Identified the +10 scimitar "Kuxinu" {vamp, ^Fragile rCorr
                  | Int+3 SInv}
 59930 | Vaults:5 | Identified the ring of Ocaq {rElec Str+5 Dex+6}
 60432 | Vaults:5 | Reached XP level 25. HP: 160/186 MP: 27/27
 60448 | Vaults:5 | Reached skill level 16 in Shields
 60833 | Vaults:5 | Reached skill level 19 in Translocations
 61289 | Vaults:5 | Identified the staff "Amanneug" {rPois Str+3 Alchemy}
 61297 | Vaults:5 | Got a silver rune of Zot
 61613 | Vaults:5 | Lost mutation: You are weak. (Str -2) [potion of mutation]
 61613 | Vaults:5 | Lost mutation: Your health recovers twice as slowly from
                  | being drained. [potion of mutation]
 61613 | Vaults:5 | Gained mutation: Your body sometimes deteriorates upon
                  | taking damage. [potion of mutation]
 61613 | Vaults:5 | Gained mutation: You expend magic power (3 MP) to
                  | strengthen your wands. [potion of mutation]
 61613 | Vaults:5 | Gained mutation: You are partially covered in iridescent
                  | scales. (AC +2) [potion of mutation]
 61614 | Vaults:5 | Lost mutation: Your body sometimes deteriorates upon taking
                  | damage. [potion of mutation]
 61614 | Vaults:5 | Lost mutation: You expend magic power (3 MP) to strengthen
                  | your wands. [potion of mutation]
 61614 | Vaults:5 | Gained mutation: You are somewhat resistant to further
                  | mutation. [potion of mutation]
 61674 | Crypt:1  | Entered Level 1 of the Crypt
 61674 | Crypt:1  | Noticed a curse skull
 61679 | Crypt:1  | Noticed Xtahua
 61687 | Crypt:1  | Killed a curse skull
 61704 | Vaults:3 | Killed Xtahua
 62092 | Crypt:1  | Reached skill level 5 in Stealth
 62337 | Crypt:1  | Noticed Margery
 62344 | Crypt:1  | Killed Margery
 62480 | Crypt:1  | Found a transporter.
 62572 | Crypt:1  | Found a transporter.
 62787 | Crypt:2  | Reached skill level 6 in Stealth
 62846 | Crypt:2  | Identified the +0 short sword "Uthrauv" {freeze, rPois rF-
                  | Str+5}
 62854 | Crypt:2  | Noticed a curse skull
 62864 | Crypt:2  | Killed a curse skull
 63570 | Crypt:2  | Identified the +9 falchion "Beetle's Death" {elec, rPois
                  | rC+}
 63663 | Crypt:3  | Entered Level 3 of the Crypt
 63781 | Crypt:3  | Reached skill level 7 in Stealth
 63866 | Crypt:3  | Noticed Jory
 63884 | Crypt:3  | Killed Jory
 63978 | Crypt:3  | Found a staircase to the Tomb.
 64267 | Crypt:3  | Reached skill level 8 in Stealth
 64349 | Crypt:3  | Noticed Khufu
 64351 | Crypt:3  | Noticed a royal mummy
 64357 | Crypt:3  | Killed Khufu
 64370 | Crypt:3  | Killed a royal mummy
 64488 | Crypt:3  | Reached XP level 26. HP: 194/194 MP: 27/27
 64605 | Crypt:3  | Got the Papyrus of the Undead
 64793 | Crypt:3  | Noticed Grunn
 64804 | Crypt:3  | Noticed an ancient lich
 64810 | Crypt:3  | Killed an ancient lich
 64812 | Crypt:3  | Killed Grunn
 64830 | Crypt:3  | Found a basalt altar of Yredelemnul.
 64871 | Crypt:3  | Identified the ring "Xiegali" {rN+ Dex+4 Stlth+}
 64871 | Crypt:3  | Identified the ring of Imuasak {rN+ Will++ Str-3}
 65514 | Slime:1  | Entered Level 1 of the Pits of Slime
 65549 | Slime:1  | Reached skill level 9 in Stealth
 66026 | Slime:5  | Entered Level 5 of the Pits of Slime
 66131 | Slime:5  | HP: 13/195 [acid blob (39)]
 66733 | Slime:5  | Reached skill level 17 in Shields
 66972 | Slime:5  | Reached skill level 18 in Dodging
 67202 | Slime:5  | Reached skill level 18 in Unarmed Combat
 67207 | Slime:5  | HP: 13/195 [rockslime (28)]
 67980 | Slime:5  | Reached skill level 20 in Fighting
 68180 | Slime:5  | Noticed the Royal Jelly
 68577 | Slime:5  | Killed the Royal Jelly
 69136 | Slime:5  | Got the Excursus on Hypothermia
 69152 | Slime:5  | Acquired the +2 hat of the Bear Spirit {Spirit, Bear, *Rage
                  | Will++}
 69152 | Slime:5  | Found the +2 hat of the Bear Spirit {Spirit, Bear, *Rage
                  | Will++}
 69174 | Slime:5  | Identified the +6 quarterstaff of Surry {heavy, MP+9 Dex+2}
 69176 | Slime:5  | Got Ilooboj's Vellum of the Displaced Zephyr
 69213 | Slime:5  | Identified the ring "Naginot" {Fly Str+3}
 69221 | Slime:5  | Identified the +0 chain mail of Daffodils {SInv}
 69222 | Slime:5  | Identified the +4 shortbow "Baohul" {freeze, Str+6}
 69225 | Slime:5  | Identified the staff of Fedhas's Favour {rElec rC+ Int+2
                  | Conj}
 69234 | Slime:5  | Got a slimy rune of Zot
 69806 | Slime:5  | Identified the +5 robe of the Bagpipe {Rampage}
 70337 | Depths:3 | Voluntarily entered the Abyss.
 70617 | Abyss:3  | Found a corrupted altar of Lugonu.
 70805 | Abyss:3  | Found a shimmering altar of Xom.
 70818 | Abyss:3  | Reached skill level 24 in Shapeshifting
 70856 | Abyss:3  | Got an abyssal rune of Zot
 70863 | Depths:3 | You pass through the gate.
 70863 | Depths:3 | Escaped the Abyss
 71920 | Zot:1    | Entered Level 1 of the Realm of Zot
 71920 | Zot:1    | Noticed a Killer Klown
 71920 | Zot:1    | Noticed a Killer Klown
 71920 | Zot:1    | Noticed an ancient lich
 71920 | Zot:1    | Noticed a Killer Klown
 72063 | Depths:4 | Killed an ancient lich
 72064 | Depths:4 | Reached skill level 19 in Unarmed Combat
 72268 | Zot:1    | Noticed a Killer Klown
 72411 | Depths:4 | Killed a Killer Klown
 72417 | Depths:4 | Killed a Killer Klown
 72582 | Depths:4 | Killed a Killer Klown
 72912 | Zot:1    | Killed a Killer Klown
 73063 | Zot:1    | Noticed an orb of fire
 74020 | Zot:1    | Reached skill level 20 in Unarmed Combat
 74020 | Zot:1    | Reached skill level 4 in Spellcasting
 74249 | Zot:1    | Reached XP level 27. HP: 201/201 MP: 29/29
 74279 | Zot:1    | Reached skill level 5 in Spellcasting
 74319 | Zot:1    | Reached skill level 6 in Spellcasting
 74355 | Zot:1    | HP: 15/201 [storm dragon/bolt of lightning (9)]
 74359 | Zot:1    | Killed from afar by an orb of fire

Vanquished Creatures
  the Royal Jelly (Slime:5)
  Khufu (Crypt:3)
  A dread lich (Vaults:5)
  3 ancient liches
  Mennas (Depths:4)
  2 juggernauts
  A royal mummy (Crypt:3)
  Xtahua (Vaults:3)
  Vv (Depths:4)
  4 Killer Klowns
  Margery (Crypt:1)
  6 caustic shrikes
  the Enchantress (Depths:4)
  3 golden dragons
  Jory (Crypt:3)
  2 bone dragons
  A walking earthen tome (Depths:2)
  3 doom hounds (Crypt:3)
  Mlioglotl (Swamp:3)
  Jorgrun (Orc:2)
  13 tentacled monstrosities
  Zenata (Elf:3)
  A hellephant (Crypt:1)
  A walking crystal tome (Depths:3)
  2 deep elf blademasters (Elf:3)
  8 liches
  3 deep elf master archers (Elf:3)
  5 sphinxes
  Grunn (Crypt:3)
  2 death cobs
  7 titans
  21 acid blobs
  3 quicksilver dragons
  A walking frostbound tome (Depths:3)
  A thorn hunter (Swamp:3)
  An ancient champion (Crypt:2)
  4 shadow dragons
  Aizul (Spider:2)
  Kirke (Lair:4)
  6 storm dragons
  2 protean progenitors (Zot:1)
  2 revenants (Crypt:2)
  Donald (Orc:2)
  3 draconian monks (Zot:1)
  11 tengu reavers
  14 azure jellies
  2 daevas (Abyss:3)
  16 rockslimes
  A draconian shifter (Zot:1)
  10 deep elf sorcerers
  14 fire giants
  13 vault wardens
  3 draconian knights
  2 draconian scorchers (Zot:1)
  The ghost of DiddlyDoom the Tortoise, a journeyman MiBe of Trog (Depths:1)
  2 curse skulls
  6 emperor scorpions
  An orc warlord (Vaults:1)
  2 ghost moths (Spider:4)
  3 iron dragons
  Louise (Swamp:2)
  11 frost giants
  2 deep elf elementalists (Elf:3)
  2 cacodemons (Abyss:3)
  13 ironbound preservers
  3 angels (Abyss:3)
  A draconian stormcaller (Zot:1)
  7 formless jellyfish
  5 ironbound thunderhulks
  13 very ugly things
  5 ghouls
  A draconian annihilator (Depths:4)
  5 broodmothers
  18 stone giants
  8 quicksilver oozes
  4 green draconians (Zot:1)
  7 spriggan defenders
  4 deep elf demonologists
  11 deep elf annihilators
  9 deep elf death magi
  8 eleionomae
  A purple draconian (Zot:1)
  A black draconian (Zot:1)
  15 dire elephants
  10 vampire knights
  5 white draconians
  Azrael (Orc:2)
  4 bunyips
  2 yellow draconians (Zot:1)
  6 war gargoyles
  2 eidola (Crypt:2)
  15 spark wasps
  5 red draconians (Zot:1)
  13 ettins
  A jiangshi (Crypt:1)
  Josephine (D:10)
  A shambling mangrove (Swamp:3)
  3 crystal guardians (Crypt:3)
  6 deep elf high priests
  10 fire dragons
  5 entropy weavers
  9 great orbs of eyes
  A green death (Abyss:2)
  2 salamander tyrants (Depths:4)
  22 hydras
  Fannar (Orc:1)
  20 yaktaur captains
  2 ogre magi
  A spriggan zombie (Crypt:3)
  2 demonspawn (Orc:2)
  8 spriggan air magi
  29 vault guards
  A catoblepas (Lair:5)
  4 ghost crabs (Swamp:4)
  4 ironbound frosthearts
  5 rakshasas
  8 ice dragons
  4 peacekeepers
  An anaconda (shapeshifter) (Elf:1)
  4 radroaches
  2 spriggan skeletons (Crypt:3)
  5 centaur warriors
  10 alligators
  10 deep troll earth magi
  4 death knights
  17 dancing weapons
  A two-headed ogre (shapeshifter) (Depths:1)
  9 boulder beetles
  14 deep troll shamans
  5 vampire magi
  5 death yaks
  A death scarab (Spider:2)
  4 two-headed ogres
  7 orc high priests (Orc:2)
  2 naga sharpshooters (Depths:4)
  6 tengu warriors
  2 titan zombies (Crypt:3)
  10 demonic crawlers
  2 holy swine (Abyss:3)
  3 occultists
  6 spriggan berserkers
  A shock serpent (shapeshifter) (Depths:3)
  A titan skeleton (Crypt:3)
  13 deep elf knights
  19 hell knights
  10 iron trolls
  17 spriggans
  A sun demon (Orc:2)
  2 salamander mystics (Depths:4)
  7 goliath frogs
  A pharaoh ant (Spider:3)
  A sea snake (shapeshifter) (Vaults:4)
  6 spriggan druids
  2 skysharks (Lair:5)
  A death drake (Swamp:4)
  34 skeletal warriors
  A death drake (shapeshifter) (Depths:2)
  5 large abominations
  14 orb spiders
  31 deep trolls
  6 swamp dragons
  9 glowing orange brains
  A glowing orange brain (shapeshifter) (Vaults:5)
  4 flayed ghosts
  5 arcanists
  6 spectral hydras (Swamp:4)
  An anaconda zombie (Crypt:3)
  7 bog bodies
  9 deep elf archers
  13 ironbound convokers
  10 lindwurms
  4 starcursed masses (Abyss:1)
  27 deep elf pyromancers
  6 steelbarb worms
  A spectral alligator (Swamp:4)
  23 deep elf zephyrmancers
  12 orc knights
  An obsidian statue (Vaults:2)
  20 phantasmal warriors
  A lindwurm (shapeshifter) (Vaults:5)
  An alligator zombie (Swamp:4)
  19 necromancers
  31 wolf spiders
  Pikel (D:6)
  A harpy (shapeshifter) (D:13)
  5 harpies (Vaults:5)
  A fire giant zombie (Depths:2)
  13 ugly things
  A faun (shapeshifter) (Vaults:5)
  5 orc sorcerers (Orc:2)
  A frost giant zombie (Crypt:1)
  6 shining eyes
  5 will-o-the-wisps
  A manticore (D:13)
  6 centaur zombies
  A goliath frog skeleton (Crypt:2)
  5 salamanders (Depths:4)
  3 cyclopes
  10 moths of wrath
  4 apocalypse crabs
  3 kobold blastminers
  7 black mambas
  A fire giant skeleton (Depths:2)
  A smoke demon (Depths:1)
  A shock serpent skeleton (Crypt:2)
  Joseph (D:7)
  20 elephants
  3 orange demons
  6 cane toads
  20 vault sentinels
  An alligator snapping turtle zombie (Crypt:3)
  6 torpor snails
  A gargoyle (D:5)
  4 eyes of devastation
  A water nymph (shapeshifter) (Vaults:5)
  4 rime drakes
  A steelbarb worm zombie (Crypt:2)
  A hellion (Abyss:3)
  26 yaktaurs
  9 komodo dragons
  An ice devil (Orc:2)
  6 swamp worm zombies
  3 tengu conjurers
  A minotaur skeleton (Crypt:2)
  5 freezing wraiths
  A merfolk (shapeshifter) (Vaults:5)
  4 hydra zombies (Swamp:4)
  A hellwing (Orc:2)
  A bloated husk (Swamp:4)
  5 polar bears
  A red devil (Orc:2)
  6 trolls
  10 tyrant leeches
  A harpy zombie (Crypt:3)
  A hornet (shapeshifter) (D:12)
  21 hornets
  36 tarantellas
  A fire dragon zombie (Crypt:3)
  13 glass eyes
  A wolf spider simulacrum (D:15)
  27 blink frogs
  A dream sheep (Lair:5)
  A tarantella zombie (Crypt:1)
  44 jumping spiders
  18 culicivoras
  68 slime creatures
  4 water elementals
  An ettin skeleton (Crypt:3)
  A shadow (D:9)
  2 ice dragon skeletons (Crypt:2)
  A ynoxinul (Abyss:1)
  5 air elementals
  2 vampires (D:10)
  9 wraiths
  4 basilisks
  4 wyverns
  52 yaks
  3 hogs (Lair:4)
  52 redbacks
  2 tyrant leech zombies (Swamp:4)
  5 fire elementals
  5 wargs
  A neqoxec (Abyss:3)
  2 golden eyes (Slime:5)
  4 vampire mosquitoes (D:12)
  A steam dragon (D:9)
  3 chaos spawn
  A naga (Depths:4)
  18 swamp worms
  An acid dragon (D:9)
  2 hell hounds (Orc:2)
  16 water moccasins
  A glowing shapeshifter skeleton (Crypt:1)
  A two-headed ogre skeleton (Crypt:3)
  2 ice beasts
  4 black bears
  30 orc warriors
  5 swamp drakes
  2 swamp dragon zombies (Swamp:4)
  37 laughing skulls
  A crocodile (shapeshifter) (D:15)
  6 ogres
  10 wolves
  2 elephant zombies (D:8)
  19 centaurs
  8 phantoms
  2 kobold brigands
  7 bullfrogs
  A vine stalker zombie (Crypt:1)
  An elf zombie (D:8)
  2 earth elementals
  7 scorpions
  A glowing shapeshifter simulacrum (Depths:2)
  4 necrophages
  2 burial acolytes (Ossuary)
  7 wights
  14 killer bees
  3 howler monkeys
  4 electric eels
  2 lava snakes (D:14)
  3 hounds
  22 orc priests
  6 jellies
  2 human zombies (D:8)
  2 gnoll boudas
  2 sleepcaps
  Natasha (thrice) (D:4)
  22 orc wizards
  3 scorpion zombies (D:8)
  2 iguanas (D:6)
  5 hell rats (Lair:2)
  A killer bee zombie (D:8)
  A brain worm zombie (Crypt:1)
  An ogre zombie (Crypt:1)
  4 hound zombies
  2 mummies (Crypt:3)
  3 howler monkey zombies (D:8)
  11 gnolls
  4 adders
  A swamp drake skeleton (Crypt:1)
  A shadow imp (D:7)
  2 adder skeletons (Ossuary)
  3 dart slugs
  A ribbon worm (D:3)
  61 orcs
  4 endoplasms
  4 giant cockroaches
  6 goblins
  5 hobgoblins
  15 kobolds
  4 quokkas
  7 ball pythons
  3 ball python skeletons (Ossuary)
  9 bats
  2 frilled lizards
  A hobgoblin skeleton (Ossuary)
  2 kobold skeletons (Ossuary)
  An orc skeleton (Ossuary)
  6 rats
  An aspiring flesh (Zot:1)
  A lurking horror (Abyss:2)
2199 creatures vanquished.

Vanquished Creatures (others)
  A storm dragon (Vaults:5)
  A deep elf demonologist (Vaults:5)
  A bunyip (Swamp:3)
  A deep elf knight (Elf:1)
  A goliath frog (Swamp:2)
  A bog body (Swamp:3)
  A deep elf zephyrmancer (Elf:1)
  An arcanist (D:3)
  8 bloated husks
  A tyrant leech (Swamp:4)
  A spectral swamp dragon (Swamp:4)
  A vampire mosquito (Swamp:3)
  A human (Lair:4)
  A warg (Vaults:5)
  A swamp drake (Swamp:3)
  A swamp dragon zombie (Swamp:4)
  A phantom (Swamp:4)
  An orc priest (Orc:2)
  A butterfly (Depths:3)
  15 foxfires (Swamp:1)
41 creatures vanquished.

Grand Total: 2240 creatures vanquished

Table legend: (Time is in decaauts)
 A = Elapsed time spent in this place.
 B = Non-inter-level travel time spent in this place.
 C = Inter-level travel time spent in this place.
 D = Time resting spent in this place.
 E = Time spent auto-exploring this place.
 F = Levels seen in this place.
 G = Mean time per level.
                   A        B        C        D        E       F      G
               +--------+--------+--------+--------+--------+-----+--------+
         Total |  92696 |  84108 |   8588 |  19984 |  47645 |  56 | 1655.3 |
       Dungeon |  20585 |  17629 |   2956 |   3511 |  11508 |  15 | 1372.3 |
          Lair |   8710 |   7673 |   1037 |   1279 |   5114 |   5 | 1742.0 |
         Swamp |   8872 |   8347 |    525 |   2516 |   4334 |   4 | 2218.0 |
   Spider Nest |   6783 |   6088 |    695 |    188 |   4172 |   4 | 1695.8 |
    Slime Pits |   4904 |   4583 |    321 |   2366 |    796 |   5 |  980.8 |
  Orcish Mines |   2955 |   2558 |    397 |    452 |   1528 |   2 | 1477.5 |
   Elven Halls |   6195 |   5363 |    832 |   1168 |   3101 |   3 | 2065.0 |
        Vaults |  12821 |  12037 |    784 |   2572 |   7278 |   5 | 2564.2 |
         Crypt |   4940 |   4764 |    176 |      0 |   3669 |   3 | 1646.7 |
        Depths |  14067 |  13206 |    861 |   5374 |   5574 |   4 | 3516.8 |
           Zot |    617 |    617 |      0 |    111 |    134 |   1 |  617.0 |
         Abyss |    485 |    485 |      0 |     89 |    146 |   3 |  161.7 |
        Bazaar |    242 |    242 |      0 |    196 |     36 |   1 |  242.0 |
       Ossuary |    514 |    514 |      0 |    157 |    252 |   1 |  514.0 |
               +--------+--------+--------+--------+--------+-----+--------+

Top non-repeatable levels by time:
Depths:4: 4481 daAuts
Vaults:4: 4449 daAuts
Depths:3: 4116 daAuts
Depths:2: 3478 daAuts
  Lair:5: 2639 daAuts
 Slime:5: 2612 daAuts
Vaults:1: 2533 daAuts
 Swamp:3: 2526 daAuts
 Swamp:1: 2517 daAuts
Vaults:5: 2448 daAuts
   Elf:3: 2317 daAuts
 Crypt:3: 2296 daAuts
 Swamp:2: 2185 daAuts
   Orc:2: 2127 daAuts
   Elf:1: 2123 daAuts

Table legend:
 A = Non-vault XP
 B = Vault XP
 C = Vault XP percentage of total XP
 D = Non-vault monster count
 E = Vault monster count
 F = Vault count percentage of total count
                 A         B        C        D         E       F
            +---------+---------+-------+---------+---------+-------
      Total |  597001 |  684745 |  53.4 |    1310 |     863 |  39.7
            +---------+---------+-------+---------+---------+-------
        D:1 |      40 |       0 |   0.0 |      24 |       0 |   0.0
        D:2 |      40 |       0 |   0.0 |      18 |       0 |   0.0
        D:3 |     118 |       0 |   0.0 |      17 |       0 |   0.0
        D:4 |     323 |      36 |  10.0 |      14 |       1 |   6.7
        D:5 |     753 |     397 |  34.5 |      13 |       1 |   7.1
        D:6 |     296 |     593 |  66.7 |      10 |       1 |   9.1
        D:7 |    1104 |     561 |  33.7 |      17 |       6 |  26.1
        D:8 |    2391 |     654 |  21.5 |      35 |      15 |  30.0
        D:9 |    1573 |    1223 |  43.7 |      24 |       6 |  20.0
       D:10 |    3515 |    3720 |  51.4 |      22 |      11 |  33.3
       D:11 |    3979 |       0 |   0.0 |      20 |       0 |   0.0
       D:12 |    7234 |     785 |   9.8 |      21 |       7 |  25.0
       D:13 |    3595 |     818 |  18.5 |       6 |       1 |  14.3
       D:14 |    5468 |    4101 |  42.9 |      18 |       4 |  18.2
       D:15 |   11064 |    5289 |  32.3 |      25 |       9 |  26.5
     Lair:1 |    2954 |       0 |   0.0 |      14 |       0 |   0.0
     Lair:2 |   12694 |     452 |   3.4 |      44 |       2 |   4.3
     Lair:3 |    5896 |    1954 |  24.9 |      16 |       6 |  27.3
     Lair:4 |    5835 |    1972 |  25.3 |      20 |       4 |  16.7
     Lair:5 |   16192 |   13492 |  45.5 |      43 |      28 |  39.4
    Swamp:1 |   22654 |     405 |   1.8 |      38 |       3 |   7.3
    Swamp:2 |   10873 |    8131 |  42.8 |      21 |      10 |  32.3
    Swamp:3 |   10084 |   10288 |  50.5 |      25 |      11 |  30.6
    Swamp:4 |   11885 |   15000 |  55.8 |      20 |      36 |  64.3
   Spider:1 |   14120 |    8017 |  36.2 |      39 |      23 |  37.1
   Spider:2 |   21778 |    1359 |   5.9 |      63 |       1 |   1.6
   Spider:3 |   16470 |    5616 |  25.4 |      46 |       8 |  14.8
   Spider:4 |   25304 |   15642 |  38.2 |      47 |      26 |  35.6
    Slime:1 |    3756 |       0 |   0.0 |       9 |       0 |   0.0
    Slime:2 |    6781 |       0 |   0.0 |      10 |       0 |   0.0
    Slime:3 |    5700 |       0 |   0.0 |       9 |       0 |   0.0
    Slime:4 |    4436 |    1331 |  23.1 |       5 |       1 |  16.7
    Slime:5 |   15814 |   33017 |  67.6 |      31 |      25 |  44.6
      Orc:1 |    5051 |     878 |  14.8 |      38 |       1 |   2.6
      Orc:2 |    2983 |   21696 |  87.9 |      24 |      69 |  74.2
      Elf:1 |   20412 |   12820 |  38.6 |      34 |      22 |  39.3
      Elf:2 |   20878 |    1662 |   7.4 |      29 |       2 |   6.5
      Elf:3 |   10361 |   36509 |  77.9 |      18 |      31 |  63.3
   Vaults:1 |   14038 |   14453 |  50.7 |      29 |      19 |  39.6
   Vaults:2 |   29172 |    5965 |  17.0 |      37 |       8 |  17.8
   Vaults:3 |    8688 |   19188 |  68.8 |      13 |      20 |  60.6
   Vaults:4 |   19746 |   36260 |  64.7 |      31 |      40 |  56.3
   Vaults:5 |   27247 |   83798 |  75.5 |      42 |      78 |  65.0
    Crypt:1 |   30939 |    8383 |  21.3 |      60 |       7 |  10.4
    Crypt:2 |   17313 |    5709 |  24.8 |      23 |       6 |  20.7
    Crypt:3 |       0 |   70190 | 100.0 |       0 |      89 | 100.0
   Depths:1 |   15901 |    1654 |   9.4 |      18 |       2 |  10.0
   Depths:2 |   38634 |   56508 |  59.4 |      46 |      56 |  54.9
   Depths:3 |   31009 |   38767 |  55.6 |      27 |      36 |  57.1
   Depths:4 |       0 |  112123 | 100.0 |       0 |      97 | 100.0
      Zot:1 |   43962 |    9512 |  17.8 |      41 |       5 |  10.9
    Abyss:1 |    1861 |       0 |   0.0 |       7 |       0 |   0.0
    Abyss:2 |    1246 |    1628 |  56.6 |       3 |       2 |  40.0
    Abyss:3 |    2841 |   11886 |  80.7 |       6 |      14 |  70.0
    Ossuary |       0 |     303 | 100.0 |       0 |      13 | 100.0
            +---------+---------+-------+---------+---------+-------
